 Dungeon Crawl Stone Soup version 0.28-a0-768-g8c92f1e708 (webtiles) character file.

Game seed: 10821690426241033097

1108 dosdet the Fighter (level 8, 0/79 HPs)
             Began as a Minotaur Fighter on Oct 31, 2021.
             Killed from afar by FDRCH's ghost (3 damage)
             ... with a magic dart
             ... on level 5 of the Dungeon.
             The game lasted 00:15:38 (7104 turns).

dosdet the Fighter (Minotaur Fighter)               Turns: 7104, Time: 00:15:39

Health: 0/79       AC:  8    Str: 23    XL:     8   Next: 11%
Magic:  6/7        EV:  9    Int:  5    God:
Gold:   205        SH:  4    Dex: 10    Spells: 4/7 levels left

rFire   . . .      SeeInvis .   a - +0 war axe
rCold   . . .      Faith    .   c - +0 buckler
rNeg    . . .      Spirit   .   b - +0 scale mail
rPois   .          Reflect  .   (helmet restricted)
rElec   .          Harm     .   (no cloak)
rCorr   .          Rampage  .   (no gloves)
Will    .....                   B - +0 pair of boots
Stlth   ..........              (no amulet)
HPRegen 0.23/turn               (no ring)
MPRegen 0.10/turn               (no ring)

@: no status effects
A: horns 2, retaliatory headbutt
a: no special abilities


You were on level 5 of the Dungeon.
You visited 1 branch of the dungeon, and saw 5 of its levels.

You collected 205 gold pieces.

Inventory:

Hand Weapons
 a - a +0 war axe (weapon)
 o - a +0 trident
 r - a +3 quarterstaff of chaos
 s - a +1 short sword of draining
Armour
 b - a +0 scale mail (worn)
 c - a +0 buckler (worn)
 h - a +0 buckler
 B - a +0 pair of boots (worn)
Jewellery
 A - an amulet of guardian spirit
Wands
 x - a wand of polymorph (8)
 y - a wand of iceblast (5)
Scrolls
 i - a scroll of blinking
 j - a scroll of brand weapon {unknown}
 l - a scroll of fog {unknown}
 m - a scroll of enchant armour {unknown}
 t - 2 scrolls of fear
 u - a scroll of enchant weapon {unknown}
 v - a scroll of torment {unknown}
 w - a scroll of teleportation {unknown}
 z - a scroll of identify
Potions
 d - a potion of might
 e - a potion of berserk rage {unknown}
 f - a potion of ambrosia {unknown}
 g - 2 potions of attraction {unknown}
 k - a potion of heal wounds {unknown}
 n - 2 potions of flight {unknown}
 p - 3 potions of curing {unknown}
 q - a potion of cancellation {unknown}


   Skills:
 * Level 9.9 Fighting
 - Level 4.4 Axes
 + Level 5.0 Staves
 - Level 3.6 Armour
 - Level 4.0 Shields


You had 4 spell levels left.
You knew the following spells:

 Your Spells              Type           Power      Damage    Failure   Level
a - Beastly Appendage     Tmut           0%         N/A       78%         1
b - Wereblood             Tmut           0%         N/A       89%         2

Your spell library contained the following spells:

 Spells                   Type           Power      Damage    Failure   Level
 Scorch                   Fire           0%         2d5       89%         2
 Spider Form              Tmut/Pois      0%         N/A       98%         3
 Flame Wave               Conj/Fire      0%         3d3       100%        4
 Summon Cactus Giant      Summ           0%         N/A       100%        6


Dungeon Overview and Level Annotations

Branches:
Dungeon (5/15)
 Temple: D:4-7

Altars:
Fedhas
Hepliaklqana
The Shining One

Annotations:
D:5 FDRCH's ghost, novice DECj; skizzler's ghost, novice DsGl


Innate Abilities, Weirdness & Mutations

You have a pair of horns on your head.
You reflexively headbutt those who attack you in melee.


Message History

FDRCH's ghost gestures at you while chanting.
The magic dart hits you!
Skizzler's ghost hits you but does no damage.
You slash skizzler's ghost!
Skizzler's ghost is severely damaged.
You hit FDRCH's ghost. FDRCH's ghost stares at you.
FDRCH's ghost points at you and mumbles some strange words.
The magic dart hits you. Skizzler's ghost closely misses you.
FDRCH's ghost gestures at you while chanting.
The magic dart hits you.
* * * LOW HITPOINT WARNING * * *
You closely miss skizzler's ghost.
Skizzler's ghost is severely damaged.
You miss FDRCH's ghost.
Skizzler's ghost sneers, "Do you call that fighting?"
Skizzler's ghost hits you!
* * * LOW HITPOINT WARNING * * *
FDRCH's ghost hits you but does no damage.
Skizzler's ghost barely misses you.
You barely miss skizzler's ghost.
Skizzler's ghost is severely damaged.
You closely miss FDRCH's ghost. FDRCH's ghost hits you.
* * * LOW HITPOINT WARNING * * *
Skizzler's ghost hits you but does no damage.
You slash skizzler's ghost!
Skizzler's ghost is severely damaged.
You hit FDRCH's ghost.
FDRCH's ghost hits you but does no damage.
Skizzler's ghost hits you but does no damage.
FDRCH's ghost hits you.
* * * LOW HITPOINT WARNING * * *
You hit skizzler's ghost but do no damage.
You headbutt skizzler's ghost, but do no damage.
Skizzler's ghost is severely damaged.
You barely miss FDRCH's ghost. Skizzler's ghost hits you!
* * * LOW HITPOINT WARNING * * *
FDRCH's ghost casts a spell at you. The magic dart hits you.
You die...

# #.###.#### #.#..# # #.# .#
#####.#..# # #.# ######...#.#..#
########.### ####P⌠P)##...#.<..#
..†........#.##..#....8##.......#
########.#.#.##..#......#..##..##
.........#.#.##..'......#.....>..
..########.#.#...W.....⌠#.......#
..# #.#.#..@W......#.......#
..##### #.#.#...#.....)##......#
##....####.#.#...#....8# #......#
##...............#.⌠./####......#
##..........##...######...#######
##..........##...# #.............
##..........##...# #......#######
............###### #......#
###.........# #......#


You could see FDRCH's ghost and skizzler's ghost.

Vanquished Creatures
  An ice beast (D:5)
  A black bear (D:5)
  An ogre (D:4)
  A necrophage (D:4)
  2 scorpions (D:4)
  A water moccasin skeleton (D:5)
  2 bullfrog zombies (D:5)
  A hound (D:4)
  A jelly (D:5)
  Crazy Yiuf (D:3)
  An orc priest (D:4)
  A bullfrog skeleton (D:4)
  Natasha (thrice) (D:3)
  2 orc wizards (D:4)
  3 gnolls (D:5)
  A howler monkey skeleton (D:4)
  9 adders
  A white imp (D:5)
  6 worms
  10 dart slugs
  16 orcs
  3 endoplasms
  4 giant cockroaches
  5 goblins
  7 hobgoblins
  8 jackals
  5 quokkas
  8 ball pythons
  5 bats
  3 frilled lizards
  4 kobolds
  2 rats
119 creatures vanquished.

Vanquished Creatures (others)
  4 withered plants (D:5)
4 creatures vanquished.

Grand Total: 123 creatures vanquished

Notes
Turn   | Place    | Note
-------+----------+-------------------------------------------
     0 | D:1      | dosdet the Minotaur Fighter began the quest for the Orb.
     0 | D:1      | Reached XP level 1. HP: 19/19 MP: 0/0
   406 | D:1      | Reached skill level 4 in Fighting
   413 | D:1      | Reached XP level 2. HP: 27/27 MP: 1/1
   802 | D:1      | Found a faded altar of an unknown god.
  1449 | D:2      | Reached XP level 3. HP: 21/34 MP: 2/2
  1952 | D:2      | Reached skill level 5 in Fighting
  1957 | D:2      | Reached XP level 4. HP: 38/42 MP: 3/3
  2630 | D:3      | Noticed Natasha
  2638 | D:3      | Killed Natasha
  2741 | D:3      | Noticed Natasha
  2745 | D:3      | Killed Natasha
  2746 | D:3      | Reached skill level 6 in Fighting
  2746 | D:3      | Reached XP level 5. HP: 50/50 MP: 4/4
  2888 | D:3      | Noticed Natasha
  2894 | D:3      | Killed Natasha
  2922 | D:3      | Found a runed translucent door.
  2923 | D:3      | Noticed Crazy Yiuf
  2930 | D:3      | Killed Crazy Yiuf
  3408 | D:4      | Reached skill level 1 in Staves
  3408 | D:4      | Reached XP level 6. HP: 33/58 MP: 5/5
  3646 | D:4      | Reached skill level 7 in Fighting
  3710 | D:4      | Found a glowing golden altar of the Shining One.
  3942 | D:4      | Reached skill level 8 in Fighting
  3942 | D:4      | Reached XP level 7. HP: 32/68 MP: 6/6
  4127 | D:4      | Learned a level 1 spell: Beastly Appendage
  4130 | D:4      | Learned a level 2 spell: Wereblood
  5259 | D:5      | Entered Level 5 of the Dungeon
  5265 | D:5      | Found a hazy altar of Hepliaklqana.
  5374 | D:5      | Reached skill level 9 in Fighting
  5523 | D:5      | Found a blossoming altar of Fedhas.
  6097 | D:5      | Reached XP level 8. HP: 23/79 MP: 7/7
  6376 | D:5      | Reached skill level 5 in Staves
  6410 | D:5      | Found a runed translucent gate.
  6411 | D:5      | Found a runed translucent gate.
  6465 | D:5      | Found a runed translucent gate.
  6466 | D:5      | Noticed FDRCH's ghost (novice DECj)
  6466 | D:5      | Noticed skizzler's ghost (novice DsGl)
  7104 | D:5      | HP: 3/79 [skizzler's ghost (8)]
  7104 | D:5      | Killed from afar by FDRCH's ghost

Illustrated notes

Levels and vault maps discovered:
D:1:      dpeg_arrival_signposts, layout_loops_corners,
          dreamdust_ecumenical_altar_statues
D:2:      layout_basic
D:3:      layout_basic, uniq_crazy_yiuf_cottage, uniq_natasha
D:4:      kennysheep_slugbush, layout_layer_cave, mainiacjoe_overflow_catwalk
D:5:      layout_basic, kennysheep_little_box, kennysheep_mini_moat,
          gammafunk_ghost_cemetery

Skill      XL: |  1  2  3  4  5  6  7  8 |
---------------+-------------------------+-----
Fighting       | 4 5 6 8 9 |  9.9
Shields        | 4 |  4.0
Axes           | 3 4 |  4.4
Staves         | 1 3 4 5 |  5.0
Armour         | |  3.6

Action                   |  1- 3 |  4- 6 |  7- 9 || total
-------------------------+-------+-------+-------++-------
Melee: War axe           |    87 |   117 |   111 ||   315
       Headbutt          |     8 |    29 |    21 ||    58
       Kick              |       |       |     2 ||     2
 Cast: Beastly Appendage |       |       |     3 ||     3
       Wereblood         |       |       |     1 ||     1
  Use: Scroll            |     1 |     1 |       ||     2
Armor: Scale mail        |    46 |    47 |    50 ||   143
Dodge: Dodged            |    60 |    67 |    39 ||   166
Block: Buckler           |    26 |    40 |    22 ||    88

Table legend: (Time is in decaauts)
 A = Elapsed time spent in this place.
 B = Non-inter-level travel time spent in this place.
 C = Inter-level travel time spent in this place.
 D = Time resting spent in this place.
 E = Time spent auto-exploring this place.
 F = Levels seen in this place.
 G = Mean time per level.
                   A        B        C        D        E       F      G
               +--------+--------+--------+--------+--------+-----+--------+
         Total |   7225 |   7225 |      0 |   1886 |   3722 |   5 | 1445.0 |
       Dungeon |   7225 |   7225 |      0 |   1886 |   3722 |   5 | 1445.0 |
               +--------+--------+--------+--------+--------+-----+--------+

Top non-repeatable levels by time:
     D:4: 1955 daAuts
     D:5: 1863 daAuts
     D:1: 1337 daAuts
     D:2: 1296 daAuts
     D:3: 772 daAuts
